 Dungeon Crawl Stone Soup version 0.27.0-1-g7a089689b8 (webtiles) character file.

Game seed: 11421790115277980226

9 Malachi the Slasher (level 2, 25/25 HPs)
             Began as a Barachi Berserker on Aug 15, 2021.
             Was a Follower of Trog.
             Got out of the dungeon alive.
             The game lasted 00:00:28 (966 turns).

Malachi the Slasher (Barachi Berserker)              Turns: 966, Time: 00:00:29

Health: 25/25      AC:  2    Str: 18    XL:     2   Next: 16%
Magic:  2/2        EV: 12    Int:  7    God:    Trog [*.....]
Gold:   55         SH:  0    Dex: 11    Spells: 1/1 levels left

rFire    . . .     SeeInvis .   a - +0 falchion
rCold    . . .     Faith    .   (no shield)
rNeg     . . .     Spirit   .   b - +0 animal skin
rPois    .         Reflect  .   (no helmet)
rElec    .         Harm     .   (no cloak)
rCorr    .         Rampage  .   (no gloves)
Will     .....                  (no boots)
Stlth    +.........             (no amulet)
HPRegen  0.08/turn              (no ring)
MPRegen  0.08/turn              (no ring)

@: slow
A: amphibious, slowness 1, strong legs 1, +LOS
a: Hop, Renounce Religion, Berserk


You escaped.
You worshipped Trog.
Trog was aware of your devotion.
You visited 1 branch of the dungeon, and saw 1 of its levels.

You collected 55 gold pieces.

Inventory:

Hand Weapons
 a - a +0 falchion (weapon)
Armour
 b - a +0 animal skin (worn)
Scrolls
 c - a scroll of identify {unknown}
Potions
 d - a potion of flight {unknown}
 e - a potion of ambrosia {unknown}
 f - a potion of mutation {unknown}


   Skills:
 + Level 3.9 Fighting
 + Level 4.0 Long Blades
 + Level 2.5 Armour
 + Level 2.2 Dodging


You had one spell level left.
You didn't know any spells.
Your spell library was empty.

Dungeon Overview and Level Annotations

Branches:
Dungeon (1/15)

Altars:


Innate Abilities, Weirdness & Mutations

You are amphibious.
You cover ground slowly.
You can hop short distances.
You have an extended range of vision and can be seen from far away.


Message History

A kobold comes into view. It is wielding a +0 short sword.
The ball python barely misses you. The ball python misses you.
You hit the ball python.
The ball python is moderately wounded.
The ball python misses you. The ball python grabs you.
The ball python constricts you.
You barely miss the ball python.
The ball python is moderately wounded.
The ball python bites you but does no damage.
The ball python constricts you.
You closely miss the ball python.
The ball python is moderately wounded.
The kobold shouts!
The ball python closely misses you. The ball python constricts you.
The ball python barely misses you.
You riposte.
You hit the ball python.
The ball python is severely wounded.
The ball python constricts you.
You hit the ball python.
You kill the ball python!
Trog accepts your kill.
You hit the kobold.
You kill the kobold!
Trog accepts your kill.
You hear a splash.
Your Long Blades skill increases to level 4!
No target in view!
No target in view!
You open the door.
There is an open door here.
There is an open door here.
Key pressed, stopping explore.
Done exploring.
Done exploring.
Done exploring.
Done exploring.
You open the door.
There is an open door here.
There is a staircase leading out of the dungeon here.
Are you sure you want to leave the Dungeon?
This will make you lose the game!
You have escaped!

.≈≈# #'# #.# # ≈≈≈# #.# #.###
♣≈.# #.# ####.#.. ♣≈≈#### #.#
#(...... ♣≈≈...# ##.## #....#..
≈≈.##.# ##...## ###.......
...##.### ##..P..## #.........
≈≈≈##...#####.......######.......
♣≈.##.#.+.....P.@.P.....'........
♣≈≈##.#######.......#####..#..#..
♣≈≈...#### ##..P..#######.......
≈≈..#....# ##...## #.# ####.###
.≈≈#####.# ##.## #.# ##'## ≈≈.#
###.## #.# #.# ##...##
♣≈≈###....# #.#####.# ##.....#
♣≈≈##..#..# #.##.#..###.......
♣≈≈#......######'#....###........


There were no monsters in sight!

Vanquished Creatures
  2 ball pythons (D:1)
  A bat (D:1)
  An endoplasm (D:1)
  A goblin (D:1)
  A hobgoblin (D:1)
  A kobold (D:1)
  A rat (D:1)
8 creatures vanquished.

Notes
Turn   | Place    | Note
-------+----------+-------------------------------------------
     0 | D:1      | Malachi the Barachi Berserker began the quest for the Orb.
     0 | D:1      | Reached XP level 1. HP: 18/18 MP: 1/1
   631 | D:1      | Reached XP level 2. HP: 25/25 MP: 2/2
   676 | D:1      | Reached skill level 4 in Long Blades
   966 | D:$      | Got out of the dungeon alive.

Illustrated notes

Levels and vault maps discovered:
D:1:      evilmike_arrival_plus, layout_loops_corners, kennysheep_boxes

Skill      XL: |  1  2 |
---------------+-------+-----
Long Blades    | 4 |  4.0
Fighting       | |  3.9
Armour         | |  2.5
Dodging        | |  2.2

Action                   || total
-------------------------++-------
Melee: Falchion          ||    19
Armor: Animal skin       ||     2
Dodge: Dodged            ||    13
       Rpst.: Falchion   ||     5
